 Dungeon Crawl Stone Soup version 0.31.0-12-g77e489cdc1 (webtiles) character file.

Game seed: 4524521446206822317

268 Curundu the Chopper (level 6, -2/56 HPs)
             Began as a Minotaur Berserker on Feb 19, 2024.
             Was a Believer of Trog.
             Slain by a cerulean imp
             ... wielding a +2 spear
             ... summoned by Natasha
              (6 damage)
             ... on level 3 of the Dungeon.
             The game lasted 00:05:10 (2106 turns).

Curundu the Chopper (Minotaur Berserker)            Turns: 2106, Time: 00:05:11

Health: -2/56      AC: 10    Str: 24    XL:     6   Next: 1%
Magic:  5/5        EV:  9    Int:  4    God:    Trog [**....]
Gold:   83         SH:  0    Dex:  9    Spells: 5/5 levels left

rFire   . . .        a - +0 hand axe
rCold   . . .        (no shield)
rNeg    . . .        e - +0 chain mail
rPois   .            (helmet restricted)
rElec   .            g - +0 cloak
rCorr   .            (no gloves)
SInv    .            (no boots)
Will    .....        (no amulet) Stlth
                     (no ring)
HPRegen 0.29/turn    (no ring)
MPRegen 0.09/turn

%: no passive effects
@: on berserk cooldown, slowed, very slow
A: horns 2, retaliatory headbutt
a: Renounce Religion, Berserk, Trog's Hand


You were on level 3 of the Dungeon.
You worshipped Trog.
Trog was pleased with you.
You visited 1 branch of the dungeon, and saw 3 of its levels.

You collected 83 gold pieces.

Inventory:

Hand Weapons
 a - a +0 hand axe (weapon)
Missiles
 d - 5 javelins (quivered)
Armour
 e - a +0 chain mail (worn)
 g - a +0 cloak (worn)
Jewellery
 j - a ring of willpower
Scrolls
 b - a scroll of silence {unknown}
 f - a scroll of vulnerability {unknown}
 i - a scroll of poison {unknown}
 k - 3 scrolls of identify {unknown}
 l - a scroll of immolation {unknown}
Potions
 c - 2 potions of mutation {unknown}
 h - a potion of enlightenment {unknown}


   Skills:
 + Level 5.0 Fighting
 + Level 6.0 Axes
 + Level 3.9 Armour
 + Level 2.8 Dodging
 + Level 1.1 Stealth


You had 5 spell levels left.
You didn't know any spells.
Your spell library was empty.

Dungeon Overview and Level Annotations

Branches:
Dungeon (3/15)

Altars:

Annotations:
D:3 2 transporters, Consumeair16's ghost, amateur VSEn; Natasha


Innate Abilities, Weirdness & Mutations

You have a pair of horns on your head.
You reflexively headbutt those who attack you in melee.


Message History

The cerulean imp hits you but does no damage.
You bump into the rock wall.
The cerulean imp hits you from afar with a +2 spear.
* * * LOW HITPOINT WARNING * * *
Something hits you.
* * * LOW HITPOINT WARNING * * *
The cerulean imp barely misses you.
You bump into the rock wall.
You feel a strong urge to attack something.
The cerulean imp hits you but does no damage.
You hear some strange, mumbled words.
Something tries to affect you, but you resist.
The cerulean imp hits you from afar with a +2 spear.
* * * LOW HITPOINT WARNING * * *
You miss something.
The cerulean imp hits you but does no damage.
Something hits you but does no damage.
The cerulean imp hits you but does no damage.
Natasha mumbles some strange words.
You feel troubled.
You barely miss something.
You feel less confused. The cerulean imp completely misses you.
Something hits you but does no damage. The cerulean imp barely misses you.
You slash something! Trog accepts your kill.
Trog appreciates your killing of a magic user.
Reactivating autopickup.
You feel a bit more experienced. The cerulean imp completely misses you.
The cerulean imp hits you but does no damage.
Natasha casts a spell at you. The magic dart hits you.
* * * LOW HITPOINT WARNING * * *
Your Axes skill increases to level 6!
You have reached level 6!
You are no longer berserk.
You are exhausted.
You feel as though you will be slow longer.
The cerulean imp hits you with a +2 spear.
You die...

.# #.# .# #####'#### .#
#........# .# #........#
.##### #........# .....##
#######.#### ......#
......#.# ###...#
......#.# .8##..#
......#@#### ...#..#
......5h5..#### ##.#..#
###....)...'..#
##.#..######...)....##.#
###
...#.......#........##.#
..
##.#.......#........##.#..
##.#.......#........##.#.
...#.......#........##..
.8##.......#........##.#


You could see Natasha and 2 cerulean imps.

Vanquished Creatures
  A scorpion (D:3)
  An iguana (D:3)
  An orc wizard (D:3)
  Natasha (D:3)
  4 gnolls (D:2)
  4 adders
  3 ribbon worms
  3 orcs (D:3)
  6 endoplasms
  4 giant cockroaches
  6 goblins (D:1)
  3 hobgoblins
  4 jackals (D:2)
  3 kobolds
  A ball python (D:1)
  5 bats
  A frilled lizard (D:1)
  2 rats
53 creatures vanquished.

Notes
Turn   | Place    | Note
-------+----------+-------------------------------------------
     0 | D:1      | Curundu the Minotaur Berserker began the quest for the Orb.
     0 | D:1      | Reached XP level 1. HP: 19/19 MP: 0/0
   197 | D:1      | Reached skill level 4 in Axes
   197 | D:1      | Reached XP level 2. HP: 27/27 MP: 1/1
   456 | D:1      | Found a faded altar of an unknown god.
   813 | D:2      | Reached XP level 3. HP: 33/33 MP: 2/2
  1294 | D:2      | Reached ** piety under Trog
  1397 | D:2      | Reached XP level 4. HP: 38/41 MP: 3/3
  1601 | D:3      | Reached skill level 5 in Axes
  1675 | D:3      | Noticed a scorpion
  1689 | D:3      | Killed a scorpion
  1690 | D:3      | Reached skill level 1 in Stealth
  1690 | D:3      | Reached XP level 5. HP: 34/47 MP: 4/4
  1750 | D:3      | Noticed Consumeair16's ghost (amateur VSEn)
  1816 | D:3      | Found a transporter.
  1825 | D:3      | Found a transporter.
  2021 | D:3      | Noticed Natasha
  2026 | D:3      | Killed Natasha
  2027 | D:3      | Reached skill level 5 in Fighting
  2080 | D:3      | Noticed Natasha
  2106 | D:3      | Reached skill level 6 in Axes
  2106 | D:3      | Reached XP level 6. HP: 6/56 MP: 5/5
  2106 | D:3      | Slain by a cerulean imp

Illustrated notes

Levels and vault maps discovered:
D:1:      psy_arrival_statuary, layout_basic,
          hellmonk_ecumenical_altar_heavens_door, minmay_tromino_v4_c
D:2:      layout_basic
D:3:      layout_basic, gammafunk_ghost_arena, portal_sewer_entry_a,
          uniq_crazy_yiuf_cottage, uniq_natasha

Skill      XL: |  1  2  3  4  5 |
---------------+----------------+-----
Axes           | 4 5 6 |  6.0
Fighting       | 4 5 |  5.0
Armour         | 3 |  3.9
Stealth        | 1 |  1.1
Dodging        | |  2.8

Action                     |  1- 3 |  4- 6 || total
---------------------------+-------+-------++-------
  Melee: Hand axe          |    74 |    75 ||   149
         Headbutt          |    13 |    15 ||    28
         Punch             |     1 |       ||     1
 Invoke: Berserk           |       |     1 ||     1
         Trog's Hand       |       |     1 ||     1
   Stab: Sleeping          |     1 |       ||     1
 Armour: Animal skin       |    13 |       ||    13
         Chain mail        |    47 |    95 ||   142
  Dodge: Dodged            |    48 |    47 ||    95
